[Event "ICCopen2016"]
[Site "Internet Chess Club"]
[Date "2016.06.04"]
[Round "8"]
[White "Dare-Dare"]
[Black "Hell-Rell"]
[Result "0-1"]
[ICCResult "White checkmated"]
[WhiteElo "1880"]
[BlackElo "2181"]
[Opening "Sicilian: dragon variation"]
[ECO "B70"]
[NIC "SI.15"]
[Time "15:21:46"]
[TimeControl "180+0"]

1. e4 c5 2. Nf3 d6 3. d4 cxd4 4. Nxd4 Nf6 5. Nc3 g6 6. Bc4 Bg7 7. h3 Nc6 8.
Be3 Bd7 9. O-O O-O 10. a3 Rc8 11. Ba2 Ne5 12. Qe2 a6 13. f4 Nc6 14. Rad1
Nxd4 15. Bxd4 Qa5 16. Nd5 Nxd5 17. exd5 Bxd4+ 18. Rxd4 Qb6 19. c3 Bb5 20.
Qf2 Bxf1 21. Kxf1 Rc7 22. f5 Kg7 23. Kg1 f6 24. fxg6 hxg6 25. h4 Rh8 26. g3
Rh5 27. Kg2 Re5 28. Bb1 Qc5 29. Qc2 f5 30. Qb3 Re2+ 31. Kh3 Qb5 32. Rb4 Qc5
33. Rd4 b5 34. Bd3 Re5 35. Kg2 Rc8 36. Kf3 Rf8 37. Bf1 Rf6 38. Qd1 Kf8 39.
Qd2 Kg7 40. Bh3 e6 41. dxe6 Rfxe6 42. Bf1 Re3+ 43. Kg2 Qe5 44. Bd3 Qxg3+ 45.
Kf1 Re1+ 46. Qxe1 Rxe1# {White checkmated} 0-1

[Event "ICCopen2016"]
[Site "Internet Chess Club"]
[Date "2016.06.04"]
[Round "8"]
[White "cap78red"]
[Black "muhit"]
[Result "0-1"]
[ICCResult "White checkmated"]
[WhiteElo "1366"]
[BlackElo "1794"]
[Opening "English opening"]
[ECO "A16"]
[NIC "EO.64"]
[Time "15:21:39"]
[TimeControl "180+0"]

1. c4 Nf6 2. Nc3 c5 3. e4 d6 4. d3 g6 5. f4 Bg7 6. Nf3 Nc6 7. Be2 O-O 8. O-O
e5 9. f5 a6 10. h3 Ne8 11. Bg5 f6 12. fxg6 fxg5 13. gxh7+ Kh8 14. Qd2 g4 15.
Ng5 Nf6 16. Nd5 Nd4 17. Nxf6 Bxf6 18. h4 Qe7 19. Qd1 g3 20. Bg4 Bxg4 21.
Qxg4 Bxg5 22. hxg5 Qxh7 23. Rxf8+ Rxf8 24. Qh3 Ne2+ 25. Kh1 Rf4 26. Qxh7+
Kxh7 27. g6+ Kxg6 28. Re1 Rh4# {White checkmated} 0-1

[Event "ICCopen2016"]
[Site "Internet Chess Club"]
[Date "2016.06.04"]
[Round "8"]
[White "oculis"]
[Black "NAS"]
[Result "1-0"]
[ICCResult "Black resigns"]
[WhiteElo "2396"]
[BlackElo "1663"]
[Opening "Sicilian: Najdorf, Lipnitzky attack"]
[ECO "B86"]
[NIC "SI.13"]
[Time "15:21:22"]
[TimeControl "180+0"]

1. e4 c5 2. Nf3 d6 3. d4 cxd4 4. Nxd4 Nf6 5. Nc3 a6 6. Bc4 e6 7. Bb3 Qc7 8.
O-O Bd7 9. f4 Nc6 10. f5 e5 11. Nde2 Be7 12. Ng3 b5 13. Nh5 O-O 14. Nxf6+
gxf6 15. Nd5 Qd8 16. Rf3 Kh8 17. Rh3 Rg8 18. Qh5 Rg7 19. Bh6 Qg8 20. Bxg7+
Qxg7 21. Nxe7 Nxe7 22. Qxf7 Qxf7 23. Bxf7 Bc6 24. Re1 Kg7 25. Bb3 a5 26. a3
b4 27. Ree3 d5 28. exd5 Bxd5 29. Bxd5 Nxd5 30. Rd3 Rd8 31. c4 bxc3 32. bxc3
e4 33. Rd4 e3 34. c4 Nf4 35. Rg3+ Kh6 36. Rxd8 e2 37. Re3 {Black resigns}
1-0

[Event "ICCopen2016"]
[Site "Internet Chess Club"]
[Date "2016.06.04"]
[Round "8"]
[White "x22"]
[Black "afgano45"]
[Result "0-1"]
[ICCResult "White checkmated"]
[WhiteElo "2383"]
[BlackElo "2031"]
[Opening "Van't Kruijs opening"]
[ECO "A00"]
[Time "15:21:48"]
[TimeControl "180+0"]

1. e3 Nf6 2. c4 g6 3. h4 Bg7 4. h5 Nxh5 5. Rxh5 gxh5 6. Qxh5 e6 7. Nf3 Qf6
8. Nc3 Qg6 9. Qh2 d6 10. Nb5 Na6 11. c5 O-O 12. cxd6 cxd6 13. Nxd6 Nb4 14.
Kd1 Bd7 15. Ne1 Ba4+ 16. b3 Bxa1 17. bxa4 Rad8 18. Qf4 a5 19. a3 e5 20. Nf5
exf4 21. Ne7+ Kg7 22. Nxg6 fxg6 23. axb4 axb4 24. e4 Bd4 25. f3 Rc8 26. Bd3
b3 27. Ba3 Rfd8 28. Ke2 Be5 29. Bb1 Ra8 30. Nd3 Rxa4 31. Be7 Rxd3 32. Bxd3
b2 33. g3 fxg3 34. f4 Bxf4 35. Kf3 Be5 36. Bc2 Ra1 37. d4 Rc1 38. Bd3 Rc3
39. dxe5 Rxd3+ 40. Ke2 b1=Q 41. Bf6+ Kf7 42. e6+ Kxf6 43. e7 Qc2+ 44. Kf1
Rd1# {White checkmated} 0-1

[Event "ICCopen2016"]
[Site "Internet Chess Club"]
[Date "2016.06.04"]
[Round "8"]
[White "hipopotamos"]
[Black "jbow79"]
[Result "0-1"]
[ICCResult "White forfeits on time"]
[WhiteElo "1089"]
[BlackElo "948"]
[Opening "Scandinavian (center counter) defense"]
[ECO "B01"]
[NIC "SD.02"]
[Time "15:21:00"]
[TimeControl "180+0"]

1. e4 d5 2. exd5 Qxd5 3. Nc3 Qd8 4. Nf3 Nf6 5. Bc4 Bf5 6. d3 e6 7. O-O Be7
8. Bf4 O-O 9. Qe2 Nbd7 10. a3 Nb6 11. Qe3 c6 12. Rae1 Nxc4 13. dxc4 Qb6 14.
Nh4 Bxc2 15. Rc1 Bg6 16. Nxg6 hxg6 17. Rb1 Rad8 18. Qh3 Bd6 19. Bxd6 Rxd6
20. Rfe1 Rfd8 21. Re3 Rd2 22. Qh4 Rxb2 23. Rxb2 Qxb2 24. h3 Qa1+ 25. Kh2
Qxa3 26. Rg3 Qd6 27. Qg4 Nh5 28. Kh1 Nxg3+ 29. fxg3 Qd2 30. Kh2 Qxc3 31. Qf4
Qd4 32. Qc7 Qd7 33. Qa5 b6 34. Qc3 c5 35. Qc2 Qd4 36. Qc1 Qf6 37. Qc2 Rd4
38. Qc1 Qe5 39. Qc2 Qe4 40. Qc1 Rxc4 41. Qd2 Rd4 42. Qc1 Rd3 43. Qb2 Qe3
{White forfeits on time}
0-1

[Event "ICCopen2016"]
[Site "Internet Chess Club"]
[Date "2016.06.04"]
[Round "8"]
[White "DARKwizard1"]
[Black "MBJPM"]
[Result "1-0"]
[ICCResult "Black resigns"]
[WhiteElo "2328"]
[BlackElo "1841"]
[Opening "Sicilian: Najdorf, Lipnitzky attack"]
[ECO "B86"]
[NIC "SI.13"]
[Time "15:22:05"]
[TimeControl "180+0"]

1. e4 c5 2. Nc3 d6 3. Nf3 Nf6 4. d4 cxd4 5. Nxd4 a6 6. Bc4 e6 7. O-O Nbd7 8.
h3 Be7 9. Be3 Qc7 10. Qe2 Nc5 11. f3 b5 12. Bb3 O-O 13. Rad1 Bb7 14. Rd2
Rac8 15. Rfd1 Nfd7 16. Ncxb5 axb5 17. Nxb5 Qb8 18. Nxd6 Bxd6 19. Rxd6 Rfd8
20. Qd2 Nxb3 21. axb3 Bc6 22. b4 Kf8 23. c4 Ke8 24. b5 Bb7 25. Rxd7 Rxd7 26.
Qxd7+ Kf8 27. c5 h6 28. c6 Ba8 29. Bf4 {Black resigns} 1-0

[Event "ICCopen2016"]
[Site "Internet Chess Club"]
[Date "2016.06.04"]
[Round "8"]
[White "Smokie"]
[Black "kingsac"]
[Result "0-1"]
[ICCResult "White forfeits on time"]
[WhiteElo "1401"]
[BlackElo "1777"]
[Opening "English: symmetrical variation"]
[ECO "A36"]
[NIC "EO.64"]
[Time "15:21:10"]
[TimeControl "180+0"]

1. c4 c5 2. Nc3 Nc6 3. g3 e6 4. Bg2 Nge7 5. d3 Ng6 6. Nf3 Be7 7. O-O h5 8.
a3 h4 9. Ne4 f5 10. Neg5 hxg3 11. fxg3 Rh5 12. h4 d6 13. Bd2 Nce5 14. Nxe5
dxe5 15. Qa4+ Bd7 16. Qb3 Bxg5 17. Bxg5 Rxg5 18. hxg5 Qxg5 19. Qxb7 Qe3+ 20.
Kh1 Rd8 21. Rae1 Ke7 22. Bc6 Rh8+ 23. Kg2 Nf8 24. Rh1 Rxh1 25. Kxh1 Qf2 26.
Rg1 Qxe2 27. Qc7 Qxb2 28. Qxa7 Kd6 29. Bxd7 Nxd7 30. Qa6+ Ke7 31. Qc8 Qxa3
32. Qg8 Qxd3 33. Qxg7+ Kd6 34. Kh2 Qe2+ 35. Rg2 Qh5+ 36. Kg1 Qd1+ 37. Kh2
Qh5+ 38. Kg1 Qg4 {White forfeits on time} 0-1

[Event "ICCopen2016"]
[Site "Internet Chess Club"]
[Date "2016.06.04"]
[Round "8"]
[White "SeniorNapa"]
[Black "danvenez"]
[Result "1-0"]
[ICCResult "Black checkmated"]
[WhiteElo "1847"]
[BlackElo "1536"]
[Opening "Old Benoni: Mujannah formation"]
[ECO "A43"]
[NIC "OI.09"]
[Time "15:20:55"]
[TimeControl "180+0"]

1. d4 c5 2. d5 f5 3. Nc3 g6 4. e4 fxe4 5. Nxe4 d6 6. h4 Bg7 7. h5 Bf5 8. Bd3
Bxe4 9. Bxe4 Nd7 10. hxg6 hxg6 11. Bxg6+ Kf8 12. Rxh8 Bxh8 13. Bh6+ Nxh6 14.
Qh5 Bg7 15. O-O-O Nf6 16. Qf3 Qa5 17. Kb1 Qb4 18. c3 Qg4 19. Qxg4 Nhxg4 20.
f3 Ne5 21. Bf5 Rd8 22. Nh3 Nf7 23. Nf4 Bh6 24. Ne6+ Ke8 25. Nxd8 Kxd8 26. g3
Ne5 27. Rh1 Bf8 28. Rh8 Ke8 29. f4 Nf7 30. Bg6 Ne4 31. Rxf8+ Kxf8 32. Bxe4
Kg7 33. Kc2 b6 34. Kd3 Kf6 35. g4 Nh8 36. g5+ Kg7 37. Bf5 Nf7 38. Ke4 Nd8
39. Bc8 Nf7 40. Kf5 Nd8 41. c4 a5 42. a4 Nf7 43. Ke6 Kf8 44. Kd7 Nh8 45. Kc6
Ng6 46. Kxb6 Nxf4 47. Kxa5 Nd3 48. Kb5 Nxb2 49. a5 Ke8 50. a6 Kd8 51. a7
Nxc4 52. a8=Q Na3+ 53. Qxa3 Kxc8 54. Kc6 Kb8 55. Qa6 e5 56. Qb7#
{Black checkmated}
1-0

[Event "ICCopen2016"]
[Site "Internet Chess Club"]
[Date "2016.06.04"]
[Round "8"]
[White "jbrongkos"]
[Black "Desideratum"]
[Result "0-1"]
[ICCResult "White checkmated"]
[WhiteElo "1796"]
[BlackElo "1667"]
[Opening "Old Benoni defense"]
[ECO "A43"]
[NIC "OI.09"]
[Time "15:21:43"]
[TimeControl "180+0"]

1. d4 c5 2. d5 d6 3. c4 e5 4. e4 f5 5. Nc3 Nf6 6. f3 f4 7. Bd2 Be7 8. Nge2
O-O 9. g3 fxg3 10. hxg3 Qe8 11. Bg2 Nh5 12. Qc2 a6 13. O-O-O Nd7 14. Rh2 h6
15. Rdh1 Nhf6 16. f4 Rb8 17. f5 Ng4 18. Bf3 Nxh2 19. Rxh2 b5 20. g4 bxc4 21.
Ng3 Nf6 22. g5 hxg5 23. Bxg5 Nxd5 24. Bxe7 Nxe7 25. Bh5 Qd8 26. Nd5 Nxd5 27.
exd5 Qg5+ 28. Kb1 Qxg3 29. Rg2 Qe1+ 30. Qd1 Bxf5+ 31. Kc1 Qxd1+ 32. Kxd1 g6
33. Bxg6 Bxg6 34. Rxg6+ Kh7 35. Rxd6 Rxb2 36. Rxa6 Rf1# {White checkmated}
0-1

[Event "ICCopen2016"]
[Site "Internet Chess Club"]
[Date "2016.06.04"]
[Round "8"]
[White "zloco"]
[Black "BigCol"]
[Result "1-0"]
[ICCResult "Black resigns"]
[WhiteElo "2334"]
[BlackElo "1759"]
[Opening "English opening: Agincourt variation"]
[ECO "A13"]
[NIC "RE.12"]
[Time "15:22:28"]
[TimeControl "180+0"]

1. Nf3 e6 2. g3 d5 3. c4 f5 4. Bg2 Nf6 5. O-O c6 6. b3 Bd6 7. Ba3 O-O 8. d4
Bxa3 9. Nxa3 Bd7 10. Nc2 Be8 11. Nce1 Bh5 12. Ne5 Nbd7 13. N1d3 Nxe5 14.
Nxe5 Nd7 15. Nxd7 Qxd7 16. Qd2 Qe7 17. f4 Rad8 18. Qc3 h6 19. e3 g5 20. a4
a6 21. c5 Rf7 22. Rf2 Bg6 23. b4 Qc7 24. b5 axb5 25. axb5 Rff8 26. Rfa2 cxb5
27. Bf1 Be8 28. Qa5 Qxa5 29. Rxa5 Bc6 30. Bxb5 Bxb5 31. Rxb5 Rd7 32. Rb6 Kf7
33. Ra7 Rb8 34. c6 Rc7 35. Rbxb7 Rcxb7 36. Rxb7+ Ke8 37. Rxb8+ {Black
resigns} 1-0

[Event "ICCopen2016"]
[Site "Internet Chess Club"]
[Date "2016.06.04"]
[Round "8"]
[White "jonesey"]
[Black "pagoda"]
[Result "0-1"]
[ICCResult "White resigns"]
[WhiteElo "1753"]
[BlackElo "1908"]
[Opening "Pirc defense"]
[ECO "B07"]
[NIC "PU.08"]
[Time "15:23:06"]
[TimeControl "180+0"]

1. e4 d6 2. d4 Nf6 3. f3 c6 4. c4 e5 5. d5 Be7 6. Nc3 O-O 7. Be3 cxd5 8.
cxd5 Nfd7 9. Bd3 Bg5 10. Qd2 Bxe3 11. Qxe3 Nc5 12. Nge2 f5 13. O-O f4 14.
Qd2 a5 15. b3 Rf6 16. Bc2 Nba6 17. a3 Bd7 18. Rfb1 Rh6 19. Qe1 b5 20. b4
axb4 21. axb4 Nb7 22. Bd3 g5 23. Bxb5 Bxb5 24. Nxb5 Qb6+ {White resigns} 0-1

[Event "ICCopen2016"]
[Site "Internet Chess Club"]
[Date "2016.06.04"]
[Round "8"]
[White "rookfish"]
[Black "e8thatcat"]
[Result "0-1"]
[ICCResult "White forfeits on time"]
[WhiteElo "1185"]
[BlackElo "1409"]
[Opening "Sicilian"]
[ECO "B50"]
[NIC "SI.01"]
[Time "15:20:52"]
[TimeControl "180+0"]

1. e4 c5 2. Nf3 d6 3. Bc4 Nf6 4. Nc3 e6 5. O-O Nbd7 6. d4 cxd4 7. Nxd4 Nb6
8. Bd3 Be7 9. f4 e5 10. fxe5 dxe5 11. Nf5 Bxf5 12. Bb5+ Bd7 13. Be3 Bxb5 14.
Qxd8+ Rxd8 15. Nxb5 Rd7 16. c4 Nc8 17. c5 a6 18. c6 bxc6 19. Nc3 O-O 20. a4
Bb4 21. Ne2 Nxe4 22. Bh6 gxh6 23. Rf5 Bc5+ 24. Kf1 f6 {White forfeits on
time} 0-1

[Event "ICCopen2016"]
[Site "Internet Chess Club"]
[Date "2016.06.04"]
[Round "8"]
[White "MasterDanielX"]
[Black "blackjack721"]
[Result "1-0"]
[ICCResult "Black checkmated"]
[WhiteElo "1946"]
[BlackElo "1422"]
[Opening "KGD: classical variation"]
[ECO "C30"]
[NIC "KG.05"]
[Time "15:21:46"]
[TimeControl "180+0"]

1. e4 e5 2. f4 Bc5 3. Nf3 Nf6 4. fxe5 Nxe4 5. d4 Be7 6. Bd3 d5 7. Nc3 Bh4+
8. g3 Nxg3 9. hxg3 Bxg3+ 10. Ke2 Bg4 11. Qg1 Bxf3+ 12. Kxf3 Bxe5 13. dxe5 g6
14. Bg5 Qd7 15. Bf6 Rg8 16. Rxh7 Nc6 17. Qh2 Nd4+ 18. Kf2 Qg4 19. Qh3 Qxh3
20. Rxh3 Ne6 21. Nxd5 Kd7 22. Rd1 c6 23. Ne7 Kc7 24. Bxg6 Rxg6 25. Nxg6 fxg6
26. Rd6 Nf4 27. Rh7+ Kb6 28. b4 Nd5 29. a3 Nxf6 30. Rxf6 Rg8 31. c4 a5 32.
Rff7 axb4 33. axb4 c5 34. Rxb7+ Kc6 35. b5# {Black checkmated} 1-0

[Event "ICCopen2016"]
[Site "Internet Chess Club"]
[Date "2016.06.04"]
[Round "8"]
[White "Sc6"]
[Black "alexandros"]
[Result "1-0"]
[ICCResult "Black forfeits on time"]
[WhiteElo "1816"]
[BlackElo "1613"]
[Opening "QP counter-gambit (elephant gambit)"]
[ECO "C40"]
[NIC "KP.10"]
[Time "15:20:39"]
[TimeControl "180+0"]

1. e4 e5 2. Nf3 d5 3. exd5 e4 4. Qe2 Be7 5. Qxe4 Nf6 6. Qc4 Nbd7 7. Be2 O-O
8. O-O Nb6 9. Qb3 a5 10. a4 Nbxd5 11. d4 Re8 12. Nc3 Nb4 13. Bg5 Be6 14. d5
Nfxd5 15. Rad1 Bxg5 16. Nxd5 Bxd5 17. Bc4 Bxc4 18. Qxc4 Qe7 19. Rfe1 Qf6 20.
Rxe8+ Rxe8 21. Qxc7 Qc6 22. Qxa5 Bf6 23. Qxb4 Qxc2 24. Rf1 Qxb2 25. Qxb2
Bxb2 26. Rb1 Re2 27. Kf1 Rc2 28. Ne1 Rd2 29. Nf3 Rc2 30. Ne1 Rd2 31. a5 f6
32. Nf3 Rc2 33. h4 Kf7 34. Ne1 Rd2 35. g3 Kg6 36. Nf3 Rc2 37. g4 h5 38. Ne1
Rd2 39. f3 hxg4 40. fxg4 f5 41. gxf5+ Kxf5 42. Nf3 Rc2 43. h5 Rc1+ 44. Rxc1
Bxc1 45. Ke2 {Black forfeits on time} 1-0

[Event "ICCopen2016"]
[Site "Internet Chess Club"]
[Date "2016.06.04"]
[Round "8"]
[White "santiagoelawad"]
[Black "El-Kaiser"]
[Result "0-1"]
[ICCResult "White forfeits on time"]
[WhiteElo "1965"]
[BlackElo "2417"]
[Opening "English opening"]
[ECO "A10"]
[NIC "EO.63"]
[Time "15:20:47"]
[TimeControl "180+0"]

1. c4 b6 2. Nf3 Bb7 3. g3 Nf6 4. Bg2 e6 5. O-O Be7 6. Nc3 O-O 7. b3 d5 8.
cxd5 exd5 9. d4 c5 10. e3 Nbd7 11. Bb2 Rc8 12. Rc1 Qc7 13. Ne2 Rfd8 14. Ne5
Bd6 15. Nxd7 Qxd7 16. dxc5 Bxc5 17. Bxf6 gxf6 18. Nd4 Ba6 19. Re1 Bb4 20.
Qf3 Bxe1 21. Rxe1 Bd3 22. Qxf6 Qd6 23. Qg5+ Qg6 24. Qe7 a5 25. Qb7 Rc5 26.
Qe7 Rdc8 27. h4 Rc1 28. Rxc1 Rxc1+ 29. Kh2 Be4 30. Qe8+ Kg7 31. Qe5+ Qf6 32.
Qxf6+ Kxf6 33. f3 Bb1 34. a4 Rc3 35. e4 dxe4 36. fxe4 Bc2 37. Nb5 Rxb3 38.
e5+ Kxe5 39. Bc6 Be4 40. Be8 f5 41. Bf7 Rb2+ 42. Kg1 Rb1+ 43. Kf2 Rb2+ 44.
Ke3 Rg2 45. Nc3 Rxg3+ 46. Kd2 Rg2+ 47. Kc1 Rc2+ {White forfeits on time} 0-1

[Event "ICCopen2016"]
[Site "Internet Chess Club"]
[Date "2016.06.04"]
[Round "8"]
[White "Koval"]
[Black "takes-takes"]
[Result "1-0"]
[ICCResult "Black checkmated"]
[WhiteElo "1885"]
[BlackElo "837"]
[Opening "Philidor: exchange variation"]
[ECO "C41"]
[NIC "KP.08"]
[Time "15:20:54"]
[TimeControl "180+0"]

1. e4 e5 2. Nf3 d6 3. d4 exd4 4. Nxd4 Be7 5. Bc4 Nf6 6. Nc3 O-O 7. O-O Nc6
8. Be3 a6 9. a4 Ng4 10. Nxc6 bxc6 11. Bd2 Bg5 12. f4 Qf6 13. e5 dxe5 14.
fxg5 Qd6 15. Kh1 e4 16. Bf4 Qc5 17. Qe2 e3 18. Ne4 Qb6 19. h3 Bf5 20. Ng3
Nf2+ 21. Rxf2 exf2 22. Nxf5 Rae8 23. Qd2 Qc5 24. Bd3 Rd8 25. Qc3 Rfe8 26.
Qxg7# {Black checkmated} 1-0

[Event "ICCopen2016"]
[Site "Internet Chess Club"]
[Date "2016.06.04"]
[Round "8"]
[White "BlitzorDDD"]
[Black "Darnoc"]
[Result "1-0"]
[ICCResult "Black resigns"]
[WhiteElo "3036"]
[BlackElo "2914"]
[Opening "English: Caro-Kann defensive system"]
[ECO "A11"]
[NIC "RE.07"]
[Time "15:22:07"]
[TimeControl "180+0"]

1. c4 c6 2. Nf3 d5 3. g3 Nf6 4. Bg2 dxc4 5. O-O Nbd7 6. Na3 Nb6 7. Qc2 g6 8.
Nxc4 Nxc4 9. Qxc4 Bg7 10. Qc2 O-O 11. b3 Bg4 12. Bb2 Qa5 13. h3 Bxf3 14.
Bxf3 Ne8 15. d4 e5 16. b4 Qc7 17. b5 exd4 18. bxc6 Nd6 19. Rfc1 Rac8 20. Qd3
b5 21. Bxd4 Bxd4 22. Qxd4 Rfd8 23. a4 a6 24. axb5 Nxb5 25. Qc5 Nd4 26. Qc3
Qb6 27. Rab1 Qc7 28. Kg2 Nb5 29. Qa1 Ra8 30. h4 Re8 31. h5 g5 32. h6 Re5 33.
Rxb5 {Black resigns} 1-0

[Event "ICCopen2016"]
[Site "Internet Chess Club"]
[Date "2016.06.04"]
[Round "8"]
[White "Entoloma"]
[Black "saira"]
[Result "0-1"]
[ICCResult "White checkmated"]
[WhiteElo "1949"]
[BlackElo "1791"]
[Opening "QGD: 5...c6"]
[ECO "D51"]
[NIC "QP.08"]
[Time "15:21:24"]
[TimeControl "180+0"]

1. d4 d5 2. Bg5 Nd7 3. e3 Ngf6 4. c4 e6 5. Nc3 c6 6. Qc2 Be7 7. Bd3 a6 8. a4
h6 9. Bh4 O-O 10. Nf3 Ng4 11. Bg3 f5 12. cxd5 cxd5 13. a5 Ngf6 14. Ne5 Nxe5
15. Bxe5 Bd6 16. Bxf6 Qxf6 17. g3 Bd7 18. O-O Rac8 19. Qb3 Bc6 20. Rac1 h5
21. Na4 h4 22. Nb6 Rc7 23. Rc2 hxg3 24. hxg3 g5 25. Rfc1 Rh7 26. Bf1 Qh6 27.
Bg2 f4 28. exf4 gxf4 29. Rxc6 bxc6 30. Rxc6 f3 31. Bxf3 Qd2 32. Rxd6 Qe1+
33. Kg2 Qh1# {White checkmated} 0-1

[Event "ICCopen2016"]
[Site "Internet Chess Club"]
[Date "2016.06.04"]
[Round "8"]
[White "pablopizarro"]
[Black "FootDoc"]
[Result "0-1"]
[ICCResult "White forfeits on time"]
[WhiteElo "1927"]
[BlackElo "1629"]
[Opening "Queen's pawn: Charlick (Englund) gambit"]
[ECO "A40"]
[NIC "QO.17"]
[Time "15:21:15"]
[TimeControl "180+0"]

1. d4 e5 2. dxe5 Nc6 3. Nf3 Qe7 4. Bg5 Qb4+ 5. Bd2 Qxb2 6. Bc3 Bb4 7. Bxb4
Nxb4 8. Nd4 Qxa1 9. e3 Qxa2 10. Nc3 Qa5 11. Bc4 Nc6 12. Qd3 Nxe5 13. Qe4
Qxc3+ 14. Kd1 d6 15. Bb3 Qa1+ 16. Ke2 Qxh1 17. f4 f6 18. fxe5 fxe5 19. Qd5
Ne7 20. Qf7+ Kd7 21. Be6+ Kd8 22. Bxc8 Kxc8 23. Qxe7 Qxg2+ 24. Kd3 Qg6+ 25.
Kc3 Re8 26. Qh4 exd4+ 27. exd4 Re3+ 28. Kb2 Re8 {White forfeits on time} 0-1

[Event "ICCopen2016"]
[Site "Internet Chess Club"]
[Date "2016.06.04"]
[Round "8"]
[White "HeyBooBooULose"]
[Black "toktok"]
[Result "0-1"]
[ICCResult "White checkmated"]
[WhiteElo "1338"]
[BlackElo "1689"]
[Opening "Sicilian: Smith-Morra gambit"]
[ECO "B21"]
[NIC "SI.48"]
[Time "15:22:20"]
[TimeControl "180+0"]

1. e4 c5 2. d4 cxd4 3. Qxd4 Nf6 4. Nc3 Nc6 5. Qe3 d6 6. Bb5 Bd7 7. Nf3 e6 8.
Bxc6 Bxc6 9. O-O Be7 10. Nd4 Bd7 11. f4 a6 12. Kh1 Qc7 13. e5 Nd5 14. Nxd5
exd5 15. exd6 Qxd6 16. Re1 Kf8 17. b3 Re8 18. Bb2 Bf6 19. Qd3 Rxe1+ 20. Rxe1
g6 21. g3 Kg7 22. c4 dxc4 23. Nf5+ gxf5 24. Qxd6 Bc6+ 25. Kg1 Bxb2 26. Re2
Bf6 27. h4 Rd8 28. Qc5 Bd4+ 29. Qxd4+ Rxd4 30. bxc4 Rxc4 31. h5 Rc1+ 32. Kf2
Be4 33. Rb2 Rc2+ 34. Rxc2 Bxc2 35. Ke3 Be4 36. a4 Kf6 37. Kd4 b5 38. axb5
axb5 39. Kc5 Bd3 40. Kd4 Bf1 41. Kc5 Ke6 42. h6 Kf6 43. Kd4 Kg6 44. Ke5 b4
45. g4 fxg4 46. f5+ Kxh6 47. Kf6 Bc4 48. Ke5 g3 49. Kd4 g2 50. Kxc4 g1=Q 51.
Kxb4 Qf1 52. Kc5 Qxf5+ 53. Kd4 Qe6 54. Kd3 f5 55. Kd4 f4 56. Kd3 f3 57. Kd4
f2 58. Kd3 f1=Q+ 59. Kd4 Qd1+ 60. Kc3 Qc8+ 61. Kb4 Qb1+ 62. Ka3 Qa8#
{White checkmated}
0-1

[Event "ICCopen2016"]
[Site "Internet Chess Club"]
[Date "2016.06.04"]
[Round "8"]
[White "JimboPi"]
[Black "doug50"]
[Result "1-0"]
[ICCResult "Black checkmated"]
[WhiteElo "1665"]
[BlackElo "1275"]
[Opening "Blackmar-Diemer: Euwe defense"]
[ECO "D00"]
[NIC "QP.08"]
[Time "15:21:28"]
[TimeControl "180+0"]

1. d4 d5 2. Nc3 Nf6 3. e4 dxe4 4. f3 exf3 5. Nxf3 e6 6. Bd3 c6 7. O-O Nbd7
8. Bg5 Be7 9. Qe1 O-O 10. Rd1 Nd5 11. Bxe7 Nxe7 12. Ne4 Ng6 13. Kh1 Qc7 14.
c3 Nb6 15. Neg5 h6 16. Nh3 Bd7 17. Qe4 f5 18. Qe3 Rae8 19. Bc2 Ne7 20. Bb3
Ned5 21. Qf2 Nc8 22. Ne5 Rf6 23. Nf4 Nce7 24. Qg3 Kh7 25. Nh5 Rg8 26. Qh4
Rff8 27. Rd3 g5 28. Qe1 f4 29. Bc2 Kh8 30. Qe2 Ne3 31. Rf3 Nxc2 32. Qxc2 Nf5
33. Rd1 Ne3 34. Rxe3 fxe3 35. Ng6+ Kh7 36. Nxf8+ Kh8 37. Qh7# {Black
checkmated} 1-0

[Event "ICCopen2016"]
[Site "Internet Chess Club"]
[Date "2016.06.04"]
[Round "8"]
[White "AttackSparrow"]
[Black "tangent"]
[Result "1-0"]
[ICCResult "Black checkmated"]
[WhiteElo "2311"]
[BlackElo "1942"]
[Opening "Vienna gambit"]
[ECO "C29"]
[NIC "VG.03"]
[Time "15:21:24"]
[TimeControl "180+0"]

1. e4 e5 2. Nc3 Nf6 3. f4 d5 4. fxe5 Nxe4 5. Qe2 Nxc3 6. dxc3 Be7 7. Be3 O-O
8. Nf3 c6 9. Qf2 Bg4 10. O-O-O Nd7 11. Qg3 Bh5 12. Bd3 Qc7 13. Bf4 Qa5 14.
Kb1 Nc5 15. h4 Na4 16. Bh6 Bg6 17. h5 Nxb2 18. hxg6 fxg6 19. Bxg6 gxh6 20.
Rxh6 Rxf3 21. Bxh7+ Kf8 22. Qg8# {Black checkmated} 1-0

[Event "ICCopen2016"]
[Site "Internet Chess Club"]
[Date "2016.06.04"]
[Round "8"]
[White "Creedence"]
[Black "Nostradamus"]
[Result "1-0"]
[ICCResult "Black forfeits on time"]
[WhiteElo "3050"]
[BlackElo "2420"]
[Opening "KP: Nimzovich defense"]
[ECO "B00"]
[NIC "VO.05"]
[Time "15:22:03"]
[TimeControl "180+0"]

1. e4 Nc6 2. Nf3 d6 3. d4 Nf6 4. Nc3 Bg4 5. d5 Nb8 6. Be2 g6 7. O-O Bg7 8.
Re1 O-O 9. h3 Bxf3 10. Bxf3 c6 11. Bg5 Re8 12. Qd2 Nbd7 13. Bf4 cxd5 14.
exd5 Rc8 15. Be3 Ne5 16. Be2 Nc4 17. Bxc4 Rxc4 18. Bxa7 b6 19. a4 Qc7 20.
Nb5 Qb7 21. b3 Rc5 22. c4 Ra8 23. a5 Rxb5 24. cxb5 Rxa7 25. a6 Qb8 26. Rac1
Nd7 27. Rxe7 Nc5 28. Rxa7 Qxa7 29. b4 {Black forfeits on time} 1-0

[Event "ICCopen2016"]
[Site "Internet Chess Club"]
[Date "2016.06.04"]
[Round "8"]
[White "Dinamit"]
[Black "Maxbet"]
[Result "0-1"]
[ICCResult "White resigns"]
[WhiteElo "2678"]
[BlackElo "2908"]
[Opening "Ruy Lopez: Marshall, main line, 14...Qh3"]
[ECO "C89"]
[NIC "RL.17"]
[Time "15:21:16"]
[TimeControl "180+0"]

1. e4 e5 2. Nf3 Nc6 3. Bb5 a6 4. Ba4 Nf6 5. O-O Be7 6. Re1 b5 7. Bb3 O-O 8.
c3 d5 9. exd5 Nxd5 10. Nxe5 Nxe5 11. Rxe5 c6 12. d4 Bd6 13. Re1 Qh4 14. g3
Qh3 15. Be3 Bg4 16. Qd3 Rae8 17. Nd2 Re7 18. a4 Rfe8 19. axb5 axb5 20. Qf1
Qh5 21. Bd1 f5 22. Bxg4 Qxg4 23. c4 Nxe3 24. Rxe3 Rxe3 25. fxe3 Rxe3 26.
Ra8+ Kf7 27. Kh1 Bxg3 28. Ra7+ Kg6 29. Ra3 Bf4 30. Rxe3 Bxe3 31. Nf3 Bxd4
32. cxb5 cxb5 33. Qd3 Bf6 34. b3 b4 35. Qe3 Qe4 36. Qf2 h6 37. h3 Qb1+ 38.
Ng1 Qxb3 39. Qg2+ Kh7 40. Qc6 Qd3 41. Nf3 Qe4 {White resigns} 0-1

[Event "ICCopen2016"]
[Site "Internet Chess Club"]
[Date "2016.06.04"]
[Round "8"]
[White "ramezsamir"]
[Black "Mormegil"]
[Result "1-0"]
[ICCResult "Black checkmated"]
[WhiteElo "2133"]
[BlackElo "1651"]
[Opening "Caro-Kann: Panov-Botvinnik attack, 5...g6"]
[ECO "B14"]
[NIC "CK.03"]
[Time "15:21:07"]
[TimeControl "180+0"]

1. e4 c6 2. d4 d5 3. exd5 cxd5 4. c4 Nf6 5. Nc3 g6 6. cxd5 Bg7 7. Qb3 O-O 8.
Be2 Na6 9. Bf3 Nc7 10. Nge2 Bg4 11. Bxg4 Nxg4 12. Bf4 Nf6 13. Qxb7 Ncxd5 14.
Nxd5 Nxd5 15. Bg3 Rc8 16. O-O Rc2 17. Nc3 Bxd4 18. Nxd5 Rxb2 19. Nxe7+ Kg7
20. Qc7 Re2 21. Qxd8 Rxd8 22. Nc6 Bxa1 23. Nxd8 Rxa2 24. h4 Bd4 25. Nc6 Bc5
26. Be5+ f6 27. Bd4 Bxd4 28. Nxd4 Ra4 29. Rd1 f5 30. Kf1 Kf6 31. Ke2 Ke5 32.
Nf3+ Kf4 33. Rd4+ Rxd4 34. Nxd4 a5 35. Ne6+ Ke5 36. Nc5 h6 37. Ke3 g5 38.
hxg5 hxg5 39. g3 f4+ 40. gxf4+ gxf4+ 41. Kf3 Kf5 42. Na4 Ke5 43. Ke2 Ke4 44.
f3+ Kf5 45. Kd3 Ke5 46. Kc4 Kf5 47. Kd4 Kf6 48. Kd5 Kf5 49. Nc5 Kg5 50. Ke4
Kh4 51. Kxf4 Kh3 52. Ke5 Kh4 53. f4 Kh5 54. f5 Kh6 55. Kf6 Kh7 56. Ke7 Kg8
57. f6 a4 58. Nxa4 Kh8 59. f7 Kg7 60. f8=Q+ Kg6 61. Qf6+ Kh5 62. Qg7 Kh4 63.
Kf6 Kh3 64. Kf5 Kh2 65. Kf4 Kh1 66. Kf3 Kh2 67. Qg2# {Black checkmated} 1-0